 Dungeon Crawl Stone Soup version 0.18.1-48-g4cf74bf (webtiles) character file.

67 Heedrag the Conjurer (level 3, 0/19 HPs)
             Began as a Deep Elf Conjurer on July 30, 2016.
             Slain by a goblin (1 damage)
             ... led by Robin
             ... on level 3 of the Dungeon.
             The game lasted 00:02:46 (1547 turns).

Heedrag the Conjurer (Deep Elf Conjurer)            Turns: 1547, Time: 00:02:47

Health: 0/19       AC:  2    Str:  6    XL:     3   Next: 98%
Magic:  1/10       EV: 12    Int: 19    God:
Gold:   66         SH:  0    Dex: 15    Spells: 2 memorised, 6 levels left

rFire  . . .     SeeInvis .     j - +0 short sword
rCold  . . .     Gourm    .     a - +0 robe
rNeg   . . .     Faith    .     (no shield)
rPois  .         Spirit   .     (no helmet)
rElec  .         Dismiss  .     (no cloak)
rCorr  .         Reflect  .     (no gloves)
SustAt .         Harm     .     (no boots)
MR     .....                    (no amulet)
Stlth  ++........               (no ring)
                                (no ring)

@: drained, not resistant to hostile enchantments, unstealthy
A: no striking features
a: no special abilities


You were on level 3 of the Dungeon.
You were not hungry.

You visited 1 branch of the dungeon, and saw 3 of its levels.

You collected 66 gold pieces.

Inventory:

Hand Weapons
 j - a +0 short sword (weapon)
Armour
 a - a +0 robe (worn)
Jewellery
 o - an uncursed ring of fire
Wands
 n - a wand of polymorph (11/24)
Scrolls
 d - a scroll of noise {unknown}
 e - a scroll of remove curse {unknown}
 f - a scroll of fog {unknown}
 i - a scroll of blinking {unknown}
 l - a scroll of immolation {unknown}
Potions
 g - a potion of curing {unknown}
 p - 2 potions of magic {unknown}
Books
 b - a book of Conjurations

   Spells                             Type                      Level
   a - Magic Dart                     Conjuration                  1
   b - Searing Ray                    Conjuration                  2
   c - Dazzling Spray                 Conjuration/Hexes            3
   d - Fulminant Prism                Conjuration/Hexes            4
   e - Iskenderun's Mystic Blast      Conjuration                  4
   f - Iskenderun's Battlesphere      Conjuration/Charms           5
Comestibles
 c - a bread ration
 h - 2 meat rations
 k - 2 fruits


   Skills:
 - Level 2.4(1.7) Dodging
 - Level 2.4(1.7) Stealth
 + Level 4.0(3.3) Spellcasting
 * Level 5.6(4.9) Conjurations


You had 6 spell levels left.
You knew the following spells:

 Your Spells              Type           Power        Failure   Level  Hunger
a - Magic Dart            Conj           ###.         1%          1    None
b - Dazzling Spray        Conj/Hex       ##....       17%         3    ###....


Dungeon Overview and Level Annotations

Branches:
Dungeon (3/15)

Altars:
Sif Muna
Trog
Yredelemnul


Message History

Robin roars a battlecry!
Tha goblins go inta a battle-frenzy!
Robin hits ye wit' a dagger o' drainin'.
Ye feel drain'd.
Ye miss tha goblin.
Tha goblin hits ye.
Robin hits ye wit' a dagger o' drainin'.
Ye feel drain'd.
Ye hit tha goblin.
Tha goblin be severely wounded.
Tha goblin closely misses ye.
Robin hits ye wit' a dagger o' drainin'.
* * * LOW HITPOINT WARNIN'
* * * Ye feel drain'd.
* * * LOW HITPOINT WARNIN'
* * * Ye hit Robin.
Ye kill Robin!
Yer base Spellcastin' skill increases ta level 4!
Tha goblin misses ye.
Ye barely miss tha hobgoblin.
Tha hobgoblin misses ye.
Tha goblin hits ye.
Ye die...

###############
#........[...<#
#.#############
#.# ####.###
#@g....#
#g##.#.#
#g##.#.#
#)##.#(#
#)##.#.#
.......>
#.##.#)#
#.##.#.#


You could see 2 hobgoblins and a goblin.

Vanquished Creatures
  Robin (D:3)
  An adder (D:2)
  2 oozes
  A worm (D:2)
  4 bats
  2 giant cockroaches
  5 goblins
  4 hobgoblins
  6 jackals (D:1)
  2 giant newts
  4 kobolds (D:1)
  A rat (D:1)
33 creatures vanquished.

Notes
Turn   | Place    | Note
--------------------------------------------------------------
     0 | D:1      | Heedrag the Deep Elf Conjurer began the quest for the Orb.
     0 | D:1      | Reached XP level 1. HP: 10/10 MP: 6/6
   117 | D:1      | Reached XP level 2. HP: 15/15 MP: 1/8
   614 | D:1      | Reached skill level 5 in Conjurations
  1031 | D:2      | Reached XP level 3. HP: 19/19 MP: 5/10
  1036 | D:2      | Learned a level 3 spell: Dazzling Spray
  1073 | D:2      | Found a basalt altar of Yredelemnul.
  1378 | D:2      | Found a deep blue altar of Sif Muna.
  1385 | D:2      | Found a bloodstained altar of Trog.
  1536 | D:3      | Noticed Robin
  1546 | D:3      | Killed Robin
  1547 | D:3      | Slain by a goblin

Skill      XL: |  1  2  3 |
---------------+----------+-----
Conjurations   | 5 |  5.6
Spellcasting   | 4 |  4.0
Dodging        | |  2.4
Stealth        | |  2.4

Action                   || total
-------------------------++-------
Melee: Club              ||     8
       Short sword       ||     7
 Cast: Magic Dart        ||    77
  Eat: Chunk             ||     2
Armor: Robe              ||     4
Dodge: Dodged            ||    12
